 Dungeon Crawl Stone Soup version 0.26-a0-34-g9e0bf03589 (webtiles) character file.

Game seed: 12753765403583599581, levelgen mode: deterministic

449976 Ocherednoy the Hoplite (level 23, -6/220 HPs)
             Began as a Minotaur Fighter on May 29, 2020.
             Was the Champion of Okawaru.
             Hit by a large rock thrown by a stone giant (35 damage)
             ... on level 5 of the Vaults on May 30, 2020.
             The game lasted 03:38:11 (56211 turns).

Ocherednoy the Hoplite (Minotaur Fighter)          Turns: 56211, Time: 03:38:12

Health: -6/220     AC: 39    Str: 36    XL:     23   Next: 17%
Magic:  22/22      EV: 21    Int:  5    God:    Okawaru [******]
Gold:   5071       SH: 34    Dex: 18    Spells: 22/22 levels left

rFire    . . .     SeeInvis +   U - +2 morningstar "Otik" {vorpal, *Drain rElec Str+3 SInv}
rCold    + . .     Gourm    .   Q - +6 tower shield of Soneabliush {rN+ Str+3}
rNeg     + . .     Faith    +   j - +4 crystal plate armour
rPois    .         Spirit   .   v - +2 hat {MR+}
rElec    +         Reflect  .   D - +1 cloak of Lucidity {*Drain rC+ MR+}
rCorr    .         Harm     .   n - +2 pair of gloves {Str+3}
MR       +++..                  W - +2 pair of boots {run}
Stlth    ..........             k - amulet of Hudwuc {Faith Str+2}
HPRegen  0.46/turn              s - +4 ring of protection
MPRegen  0.18/turn              P - +4 ring of evasion

@: very slightly contaminated, studying Charms, invisible, quick
A: retaliatory headbutt, horns 2, thin skeletal structure 1, deformed body, wild
magic 1
}: 2/15 runes: serpentine, barnacled
a: Heroism, Finesse, Renounce Religion


You were on level 5 of the Vaults.
You worshipped Okawaru.
Okawaru was exalted by your worship.
You were not hungry.

You visited 8 branches of the dungeon, and saw 39 of its levels.
You visited the Abyss 2 times.
You also visited: Bailey, Ice Cave and Volcano.

You collected 8761 gold pieces.
You spent 3690 gold pieces at shops.

Inventory:

Hand Weapons
 U - the +2 morningstar "Otik" (weapon) {vorpal, *Drain rElec Str+3 SInv}
   (You found it in an ice cave)

   It inflicts extra damage upon your enemies.
   It affects your strength (+3).
   It insulates you from electricity.
   It lets you see invisible.
   It causes draining when unequipped.
Missiles
 p - 57 boomerangs (quivered)
Armour
 j - a +4 crystal plate armour (worn)
 l - +0 storm dragon scales
 m - +0 shadow dragon scales
 n - a +2 pair of gloves of strength (worn)
 v - a +2 hat of magic resistance (worn)
 z - a +2 scale mail of magic resistance
 C - a +2 chain mail of fire resistance
 D - the +1 cloak of Lucidity (worn) {*Drain rC+ MR+}
   (Okawaru gifted it to you on level 4 of the Snake Pit)

   It protects you from cold.
   It affects your resistance to hostile enchantments.
   It causes draining when unequipped.
 Q - the +6 tower shield of Soneabliush (worn) {rN+ Str+3}
   (Okawaru gifted it to you on level 15 of the Dungeon)

   It affects your strength (+3).
   It protects you from negative energy.
 W - a +2 pair of boots of running (worn)
Jewellery
 c - an uncursed ring of protection from fire
 k - the amulet of Hudwuc (around neck) {Faith Str+2}
   (You acquired it on level 2 of the Lair of Beasts)

   [amulet of faith]

   It allows you to gain divine favour quickly.
   It affects your strength (+2).
 r - an uncursed ring of protection from cold
 s - a +4 ring of protection (left hand)
 E - an uncursed ring of resist corrosion
 M - an uncursed amulet of reflection
 P - a +4 ring of evasion (right hand)
 R - a +6 ring of strength
 Z - an uncursed ring of poison resistance
Wands
 F - a wand of paralysis (27)
 K - a wand of iceblast (8)
 L - a wand of enslavement (6)
 X - a wand of digging (4)
 Y - a wand of polymorph (15)
Scrolls
 a - 2 scrolls of brand weapon
 t - 20 scrolls of teleportation
 u - a scroll of blinking
 w - 2 scrolls of fear
 y - 18 scrolls of remove curse
 A - 2 scrolls of magic mapping
 G - 5 scrolls of enchant weapon
 H - 2 scrolls of holy word
 I - a scroll of identify
 N - a scroll of silence
 T - 6 scrolls of enchant armour
Potions
 b - a potion of heal wounds
 d - 4 potions of might
 g - 9 potions of curing
 h - 8 potions of haste
 i - 3 potions of magic
 o - 12 potions of flight
 q - 3 potions of resistance
 x - a potion of ambrosia {unknown}
 B - 3 potions of brilliance
 J - 4 potions of invisibility
Books
 e - a manual of Charms
Miscellaneous
 O - a box of beasts
 S - 4 phantom mirrors
Comestibles
 f - 24 rations


   Skills:
 * Level 21.2 Fighting
   Level 11.2(17.9) Axes
 * Level 22.0(22.7) Maces & Flails
 + Level 3.2 Throwing
 * Level 19.3 Armour
 * Level 14.6 Dodging
 + Level 0.7 Stealth
 + Level 25.1 Shields
 - Level 1.0 Evocations


You had 22 spell levels left.
You didn't know any spells.
Your spell library contained the following spells:

 Spells                   Type           Power        Failure   Level  Hunger
 Animate Skeleton         Necr           N/A          99%         1    ##.....
 Apportation              Tloc           #.....       99%         1    ##.....
 Corona                   Hex            #......      99%         1    ##.....
 Foxfire                  Conj/Fire      #...         99%         1    ##.....
 Magic Dart               Conj           #...         99%         1    ##.....
 Pain                     Necr           #...         99%         1    ##.....
 Shock                    Conj/Air       #...         99%         1    ##.....
 Sting                    Tmut/Pois      #...         99%         1    ##.....
 Summon Small Mammal      Summ           #...         99%         1    ##.....
 Blink                    Tloc           N/A          100%        2    ###....
 Call Imp                 Summ           #.......     100%        2    ###....
 Ensorcelled Hibernation  Hex/Ice        #.....       100%        2    ###....
 Poisonous Vapours        Pois/Air       #.....       100%        2    ###....
 Searing Ray              Conj           #.....       100%        2    ###....
 Slow                     Hex            #.......     100%        2    ###....
 Swiftness                Chrm/Air       #.......     100%        2    ###....
 Call Canine Familiar     Summ           #.......     100%        3    ####...
 Confusing Touch          Hex            #.......     100%        3    ####...
 Conjure Flame            Conj/Fire      #.......     100%        3    ####...
 Dazzling Flash           Conj/Hex       #.....       100%        3    ####...
 Gell's Gravitas          Tloc           #.........   100%        3    ####...
 Ignite Poison            Fire/Tmut/Pois #.......     100%        3    ####...
 Inner Flame              Hex/Fire       #.......     100%        3    ####...
 Mephitic Cloud           Conj/Pois/Air  #.......     100%        3    ####...
 Portal Projectile        Hex/Tloc       #.....       100%        3    ####...
 Spider Form              Tmut/Pois      #.........   100%        3    ####...
 Static Discharge         Conj/Air       #.......     100%        3    ####...
 Tukima's Dance           Hex            #.......     100%        3    ####...
 Vampiric Draining        Necr           #.........   100%        3    ####...
 Airstrike                Air            #.........   100%        4    #####..
 Animate Dead             Necr           N/A          100%        4    #####..
 Cause Fear               Hex            #.........   100%        4    #####..
 Fulminant Prism          Conj/Hex       #.........   100%        4    #####..
 Iskenderun's Mystic Bla  Conj/Tloc      #.......     100%        4    #####..
 Leda's Liquefaction      Hex/Erth       #.........   100%        4    #####..
 Olgreb's Toxic Radiance  Pois           #.......     100%        4    #####..
 Petrify                  Tmut/Erth      #.......     100%        4    #####..
 Sticky Flame             Conj/Fire      #.......     100%        4    #####..
 Agony                    Necr           #.......     100%        5    ######.
 Aura of Abjuration       Summ           #.........   100%        5    ######.
 Fireball                 Conj/Fire      #.........   100%        5    ######.
 Lightning Bolt           Conj/Air       #.........   100%        5    ######.
 Metabolic Englaciation   Hex/Ice        #.........   100%        5    ######.
 Yara's Violent Unravell  Hex/Tmut       #.........   100%        5    ######.
 Freezing Cloud           Conj/Ice/Air   #.........   100%        6    #######
 Shadow Creatures         Summ           N/A          100%        6    #######
 Ring of Flames           Chrm/Fire      #.........   100%        7    #######


Dungeon Overview and Level Annotations

Branches:
Dungeon (15/15)            Temple (1/1) D:6            Lair (6/6) D:11
 Shoals (4/4) Lair:2        Snake (4/4) Lair:4        Slime (0/5) Lair:5
    Orc (2/2) D:11            Elf (2/3) Orc:2        Vaults (5/5) D:13
  Crypt (0/3) Vaults:2     Depths (0/5) D:15         Bailey (visited)
  IceCv (visited)         Volcano (visited)

Altars:
Ashenzari
Dithmenos
Elyvilon
Gozag
Kikubaaqudgha
Makhleb
Nemelex Xobeh
Okawaru
Qazlal
Ru
Sif Muna
Trog
Uskayaw
Wu Jian
Xom
Yredelemnul
Beogh
Jiyva

Shops:
D:11 !   Orc:2 *}[(   Shoals:3 %*[   Shoals:4 *   Snake:4 :   Vaults:2 (

Portals:
Trove: D:15 (give +3 storm dragon scales)

Annotations:
D:10 3 runed translucent doors, ahoss's ghost, journeyman CeIE
Elf:1 #^


Innate Abilities, Weirdness & Mutations

You reflexively headbutt those who attack you in melee.
You have a pair of horns on your head.
You have a somewhat thin skeletal structure. (Dex +2, Stealth)
Armour fits poorly on your strangely shaped body.
Your spells are a little harder to cast, but a little more powerful.


Message History

The deep elf sorcerer casts a spell at you.
The sphere of damnation explodes!
The damnation engulfs you!!
* * * LOW HITPOINT WARNING * * *
You hear a shout!
You see here a bolt.
You see here a bolt.
You fade into invisibility!
A stone giant comes into view.
The deep elf sorcerer gestures at you while chanting.
The sphere of damnation explodes!
The damnation engulfs you!
* * * LOW HITPOINT WARNING * * *
You are very lightly contaminated with residual magic.
The stone giant shouts!
A titan comes into view.
Things that are here:
a +0 bardiche; a cursed +0 chain mail The titan gestures at you while chanting.
The bolt of lightning misses you.
The stone giant throws a large rock.
The large rock hits you!!
You die...

####### .....# .....#
#######################....#
........(.....)..))))......#
.##.###e###.###.###(##).#..#
# #.# #.# #.# #(###.# #
###.###(###.###.###C###.#
.......))e((.e()@..)C.).#
###..######)######..###.#
#.##...†)......##.# #.#
#.#..#########..#.###.# e #.
#..○..# ## # #.###.# #.# #.#
#[###.# #))...#


You could see a titan, a stone giant, a deep elf sorcerer (fast) and a deep elf
knight.

Vanquished Creatures
  Boris (Vaults:4)
  Frederick (Vaults:4)
  Margery (Vaults:4)
  2 golden dragons (Vaults:5)
  A titan (Vaults:5)
  3 tentacled monstrosities
  2 liches (Vaults:2)
  2 krakens
  Polyphemus (Shoals:2)
  An ancient champion (Vaults:4)
  3 sphinxes
  A shadow dragon (Vaults:5)
  2 tentacled starspawn (Abyss:3)
  Agnes (D:15)
  4 tengu reavers (Vaults:5)
  Donald (Vaults:3)
  6 nagarajas (Snake:4)
  A fire giant (Vaults:3)
  5 deep elf sorcerers
  5 frost giants
  Aizul (Shoals:1)
  2 spriggan defenders (Vaults:4)
  8 vault wardens
  A stone giant (shapeshifter) (Elf:1)
  6 stone giants
  17 ironheart preservers
  3 very ugly things (Vaults:2)
  An entropy weaver (Vaults:3)
  Azrael (D:11)
  6 deep elf demonologists
  A vampire knight (Vaults:2)
  A deep elf annihilator (Vaults:4)
  10 merfolk javelineers
  A blizzard demon (Abyss:2)
  An eidolon (Abyss:3)
  9 ettins
  3 deep elf high priests
  Snorg (Lair:4)
  2 great orbs of eyes (Vaults:2)
  9 yaktaur captains
  An ice dragon (Vaults:5)
  2 fire dragons
  25 vault guards
  The ghost of Suethroe the Slicer, a journeyman KoBe of Trog (Lair:2)
  11 merfolk impalers
  The ghost of Anness the Destroyer, a journeyman DsFE of Vehumet (Lair:4)
  18 naga warriors
  2 rakshasas
  3 catoblepae
  10 hydras
  A quicksilver dragon skeleton (Abyss:3)
  Erica (D:11)
  11 centaur warriors
  5 merfolk avatars
  An alligator snapping turtle (Shoals:3)
  8 merfolk aquamancers
  A death knight (D:12)
  13 anacondas
  An anaconda (shapeshifter) (Vaults:2)
  24 ogre magi
  93 two-headed ogres
  18 dancing weapons
  5 satyrs
  9 death yaks
  3 deep troll earth magi (Vaults:4)
  3 thrashing horrors (Abyss:3)
  11 naga sharpshooters
  Urug (Lair:4)
  4 wretched stars
  5 shock serpents
  3 hell knights (Vaults:4)
  19 deep elf knights
  A sun demon (Abyss:3)
  2 shadow wraiths (Vaults:4)
  A sea snake (shapeshifter) (Vaults:4)
  A glowing orange brain (Abyss:3)
  A fire crab (Lair:5)
  3 salamander mystics
  13 skeletal warriors
  8 sea snakes
  An unseen horror (shapeshifter) (Vaults:4)
  A sixfirhy (Abyss:3)
  3 unseen horrors
  A spatial maelstrom (Abyss:3)
  A phantasmal warrior (Vaults:5)
  18 deep elf archers
  11 ironbrand convokers
  9 deep trolls
  6 naga ritualists
  A kraken simulacrum (Shoals:4)
  A lindwurm (Lair:3)
  A tengu zombie (Vaults:4)
  14 orc knights
  20 harpies
  3 necromancers (Vaults:4)
  12 cyclopes
  23 ugly things
  A salamander (shapeshifter) (D:14)
  58 deep elf magi
  A wolf spider zombie (D:15)
  10 mana vipers
  5 oklob plants
  3 slime creatures (Vaults:1)
  10 fauns
  An orc sorcerer (Orc:2)
  13 manticores
  7 wolf spiders
  A moth of wrath (shapeshifter) (Vaults:2)
  9 large abominations
  18 salamanders
  11 merfolk sirens
  2 moths of wrath (Lair:2)
  7 elephants
  An apocalypse crab (Abyss:3)
  15 naga magi
  5 guardian serpents
  A guardian serpent (shapeshifter) (Vaults:2)
  An elephant (shapeshifter) (Vaults:2)
  9 vault sentinels
  A molten gargoyle (Volcano)
  3 gargoyles
  An ice statue (IceCv)
  25 black mambas
  14 spiny frogs
  7 water nymphs
  2 centaur zombies
  4 smoke demons
  3 centaur skeletons (D:15)
  45 yaktaurs
  A demonic crawler (Abyss:3)
  A rime drake (IceCv)
  A kobold demonologist (D:13)
  A hellion (Abyss:1)
  A rime drake (shapeshifter) (Vaults:2)
  2 efreet (D:15)
  2 yaktaur zombies (Vaults:4)
  4 komodo dragons
  A tengu conjurer (D:15)
  8 freezing wraiths
  A queen bee (shapeshifter) (Vaults:2)
  5 ancient zymes
  39 merfolk
  8 trolls
  3 meliai (D:14)
  10 polar bears
  2 wind drakes (Shoals:4)
  3 blink frogs (Lair:4)
  3 raiju (Abyss:3)
  9 hornets
  12 dream sheep
  10 snapping turtles
  20 hippogriffs
  A hippogriff (shapeshifter) (Vaults:5)
  A flying skull (Abyss:3)
  15 spriggans
  Sigmund (D:6)
  8 water elementals
  3 redbacks (Vaults:3)
  An air elemental (Elf:1)
  A shadow (D:14)
  A yak (shapeshifter) (D:15)
  3 ynoxinuls
  6 wraiths
  44 yaks
  3 vampires (Vaults:2)
  4 wyverns
  3 fire bats (Abyss:3)
  A golden eye (shapeshifter) (Vaults:3)
  4 basilisks
  6 fire elementals
  A hog (shapeshifter) (D:15)
  9 humans (D:13)
  7 hungry ghosts
  A yaktaur simulacrum (Vaults:4)
  2 chaos spawn
  Edmund (D:6)
  A neqoxec (Abyss:3)
  69 nagas
  A spatial vortex (Abyss:3)
  4 acid dragons
  10 water moccasins
  8 wargs
  A soldier ant (D:13)
  6 hell hounds
  8 porcupines
  6 black bears
  4 phantoms
  43 orc warriors
  A hornet zombie (D:11)
  A necrophage (D:5)
  An eye of draining (D:10)
  4 ice beasts
  3 sky beasts
  A black bear (shapeshifter) (Vaults:4)
  An ice dragon simulacrum (Abyss:3)
  75 ogres
  53 wolves
  33 centaurs
  6 boggarts
  14 crocodiles
  9 small abominations
  A big kobold (D:9)
  A gnoll sergeant (D:13)
  A wyvern zombie (D:6)
  16 bullfrogs
  A wyvern skeleton (D:10)
  A scorpion (D:5)
  2 water moccasin skeletons
  A killer bee (shapeshifter) (Vaults:3)
  15 wights
  19 killer bees
  8 crimson imps
  3 bullfrog zombies
  3 jellies
  22 orc priests
  3 quasits
  7 hounds
  26 orc wizards
  2 bullfrog skeletons
  A gnoll shaman (D:7)
  A killer bee zombie (D:10)
  13 worker ants
  An ogre zombie (Orc:1)
  A hound skeleton (D:7)
  2 worker ant zombies
  21 gnolls
  16 adders
  6 shadow imps
  A white imp (Abyss:3)
  2 ufetubi
  An ooze (shapeshifter) (Vaults:1)
  An adder zombie (D:7)
  A dart slug (D:2)
  A worm (D:2)
  5 leopard geckos
  114 orcs
  6 bats
  5 giant cockroaches
  9 goblins
  4 hobgoblins
  2 iguanas
  7 jackals (D:7)
  6 quokkas
  3 ball pythons
  7 frilled lizards
  13 kobolds
  A leopard gecko skeleton (D:6)
  7 rats
  4 plants
  7 tentacles
1930 creatures vanquished.

Vanquished Creatures (others)
  A vault guard (D:13)
  2 deep elf magi
  A water elemental (Shoals:4)
  A yak (IceCv)
  An acid dragon (Vaults:2)
  A boggart (Vaults:3)
  2 ogres
  3 wolves (IceCv)
  A jelly (D:15)
  An orc wizard (Orc:1)
  9 fungi
  22 plants
  4 starspawn tentacles (Abyss:3)
  33 tentacles
82 creatures vanquished.

Grand Total: 2012 creatures vanquished

Notes
Turn   | Place    | Note
-------+----------+-------------------------------------------
     0 | D:1      | Ocherednoy the Minotaur Fighter began the quest for the
                  | Orb.
     0 | D:1      | Reached XP level 1. HP: 19/19 MP: 0/0
   180 | D:1      | Reached XP level 2. HP: 11/27 MP: 1/1
   891 | D:2      | Noticed a centaur
   896 | D:2      | Killed a centaur
   896 | D:2      | Reached skill level 5 in Armour
   896 | D:2      | Reached skill level 4 in Shields
   896 | D:2      | Reached XP level 3. HP: 27/33 MP: 2/2
   896 | D:2      | Reached XP level 4. HP: 33/40 MP: 3/3
  1142 | D:2      | Found a shattered altar of Ashenzari.
  1336 | D:2      | Reached XP level 5. HP: 36/46 MP: 4/4
  1341 | D:2      | Found a shimmering altar of Xom.
  1767 | D:3      | Found a faded altar of an unknown god.
  1791 | D:3      | Found an opulent altar of Gozag.
  1802 | D:3      | Reached skill level 1 in Axes
  2131 | D:3      | Reached XP level 6. HP: 39/52 MP: 5/5
  3011 | D:5      | Entered Level 5 of the Dungeon
  3174 | D:5      | Reached skill level 5 in Maces & Flails
  3174 | D:5      | Reached skill level 5 in Shields
  3245 | D:5      | Reached XP level 7. HP: 55/60 MP: 6/6
  3359 | D:5      | Reached skill level 5 in Fighting
  3618 | D:5      | Found a shimmering blue altar of Sif Muna.
  4123 | D:6      | Reached skill level 1 in Dodging
  4123 | D:6      | Reached XP level 8. HP: 67/68 MP: 7/7
  4229 | D:6      | Reached skill level 6 in Shields
  4560 | D:6      | Found a hide-covered altar of Uskayaw.
  4566 | D:6      | Found an opulent altar of Gozag.
  4638 | D:6      | Noticed Edmund
  4640 | D:6      | Killed Edmund
  4676 | D:6      | Found a bloodstained altar of Trog.
  4679 | D:6      | Found a white marble altar of Elyvilon.
  4682 | D:6      | Found a sparkling altar of Nemelex Xobeh.
  4773 | D:6      | Noticed Sigmund
  4781 | D:6      | Killed Sigmund
  4894 | D:6      | Found a staircase to the Ecumenical Temple.
  4917 | Temple   | Entered the Ecumenical Temple
  4928 | Temple   | Became a worshipper of Warmaster Okawaru
  5207 | D:7      | Reached skill level 7 in Shields
  5377 | D:7      | Found an ancient bone altar of Kikubaaqudgha.
  5402 | D:7      | Reached XP level 9. HP: 70/77 MP: 8/8
  5538 | D:7      | Found a flagged portal.
  5548 | D:7      | Reached * piety under Okawaru
  5555 | Bailey   | Entered a bailey
  5749 | Bailey   | Noticed an orc knight
  5749 | Bailey   | Noticed an orc knight
  5756 | Bailey   | Reached skill level 8 in Shields
  5762 | Bailey   | Killed an orc knight
  5781 | Bailey   | Killed an orc knight
  5781 | Bailey   | Reached ** piety under Okawaru
  5781 | Bailey   | Reached skill level 10 in Maces & Flails
  5781 | Bailey   | Reached skill level 9 in Shields
  6021 | Bailey   | Reached skill level 10 in Shields
  6021 | Bailey   | Reached skill level 1 in Evocations
  6706 | D:8      | Noticed a two-headed ogre
  6712 | D:8      | Killed a two-headed ogre
  6712 | D:8      | Reached *** piety under Okawaru
  6712 | D:8      | Reached XP level 10. HP: 62/87 MP: 9/9
  7070 | D:8      | Reached skill level 5 in Axes
  7531 | D:8      | Found a sacrificial altar of Ru.
  7914 | D:9      | Reached **** piety under Okawaru
  8159 | D:9      | Noticed a two-headed ogre
  8168 | D:9      | Killed a two-headed ogre
  8591 | D:9      | Reached ***** piety under Okawaru
  8719 | D:10     | Entered Level 10 of the Dungeon
  8757 | D:10     | Found a runed translucent gate.
  8757 | D:10     | Noticed a deep elf archer
  8757 | D:10     | Noticed ahoss's ghost (journeyman CeIE)
  8758 | D:10     | Found a runed translucent gate.
  8758 | D:10     | Found a runed translucent gate.
  8812 | D:10     | Received a gift from Okawaru
  8885 | D:10     | Killed an unseen horror
  8885 | D:10     | Reached XP level 11. HP: 77/94 MP: 10/10
  9016 | D:10     | Reached skill level 11 in Shields
  9419 | D:10     | Found a shattered altar of Ashenzari.
  9693 | D:11     | Found Roiwnos's Distillery.
  9704 | D:11     | Bought 2 potions of brilliance for 112 gold pieces
  9704 | D:11     | Bought a potion of curing for 42 gold pieces
  9704 | D:11     | Bought a potion of berserk rage for 70 gold pieces
  9704 | D:11     | Bought a potion of might for 56 gold pieces
  9704 | D:11     | Bought a potion of might for 56 gold pieces
  9704 | D:11     | Bought a potion of resistance for 140 gold pieces
  9758 | D:11     | Found a staircase to the Orcish Mines.
  9758 | D:11     | Noticed a brown ugly thing
  9767 | D:11     | Killed a brown ugly thing
  9767 | D:11     | Received a gift from Okawaru
  9989 | D:11     | Found a roughly hewn altar of Beogh.
 10349 | D:11     | Reached skill level 10 in Axes
 10354 | D:11     | Noticed a white ugly thing
 10356 | D:11     | Noticed a red ugly thing
 10360 | D:11     | Killed a white ugly thing
 10364 | D:11     | Killed a red ugly thing
 10365 | D:11     | Noticed Erica
 10382 | D:11     | Found a staircase to the Lair.
 10385 | D:11     | Killed Erica
 10397 | D:11     | Noticed an oklob plant
 10401 | D:11     | Noticed an oklob plant
 10407 | D:11     | Killed an oklob plant
 10407 | D:11     | Reached skill level 10 in Fighting
 10413 | D:11     | Killed an oklob plant
 10413 | D:11     | Reached skill level 12 in Shields
 10769 | D:12     | Noticed Azrael
 10780 | D:11     | Reached skill level 10 in Armour
 10822 | D:12     | Reached XP level 12. HP: 97/105 MP: 11/11
 11096 | D:11     | Killed Azrael
 11107 | D:12     | Reached ****** piety under Okawaru
 11115 | D:12     | Received a gift from Okawaru
 11196 | D:12     | Noticed a two-headed ogre
 11207 | D:12     | Killed a two-headed ogre
 11399 | D:12     | Found a frozen archway.
 11436 | IceCv    | Entered an ice cave
 11695 | IceCv    | Got a pitted morningstar
 11751 | IceCv    | Identified the cursed +2 morningstar "Otik" {vorpal, *Drain
                  | rElec Str+3 SInv} (You found it in an ice cave)
 11889 | IceCv    | Received a gift from Okawaru
 11918 | IceCv    | Identified a +2 pair of boots of running (Okawaru gifted it
                  | to you in an ice cave)
 11977 | IceCv    | Reached skill level 13 in Shields
 12598 | D:12     | Noticed a death knight
 12938 | D:12     | Killed a death knight
 13109 | D:12     | Paralysed by an orc for 7 turns
 13205 | D:12     | Noticed a centaur warrior
 13207 | D:12     | Found a runed translucent door.
 13209 | D:12     | Killed a centaur warrior
 13209 | D:12     | Reached XP level 13. HP: 116/116 MP: 12/12
 13210 | D:12     | Noticed a frost giant
 13297 | D:12     | Killed a frost giant
 13929 | D:13     | Received a gift from Okawaru
 13982 | D:13     | Reached skill level 14 in Shields
 14208 | D:13     | Found a roughly hewn altar of Beogh.
 15025 | D:13     | Found a gate to the Vaults.
 15538 | D:14     | Gained mutation: Your spells are a little harder to cast,
                  | but a little more powerful. [potion of mutation]
 15538 | D:14     | Gained mutation: You have a somewhat thin skeletal
                  | structure. (Dex +2, Stealth) [potion of mutation]
 15598 | D:14     | Received a gift from Okawaru
 15802 | D:14     | Reached XP level 14. HP: 127/127 MP: 13/13
 17161 | D:15     | Entered Level 15 of the Dungeon
 17303 | D:15     | Reached skill level 15 in Shields
 17318 | D:15     | Reached skill level 15 in Maces & Flails
 17359 | D:15     | Found a portal to a secret trove of treasure.
 17426 | D:15     | Cast into level 1 of the Abyss (orc warrior)
 17673 | D:15     | Escaped the Abyss
 17677 | D:15     | Noticed Agnes
 18276 | D:15     | Killed Agnes
 18276 | D:15     | Received a gift from Okawaru
 18964 | D:15     | Found a staircase to the Depths.
 18974 | D:15     | Received a gift from Okawaru
 18979 | D:15     | Got a transparent tower shield {god gift}
 18990 | D:15     | Identified the +6 tower shield of Soneabliush {rN+ Str+3}
                  | (Okawaru gifted it to you on level 15 of the Dungeon)
 19327 | Lair:1   | Entered Level 1 of the Lair of Beasts
 19970 | Lair:2   | Reached XP level 15. HP: 136/136 MP: 14/14
 19989 | Lair:2   | Found a staircase to the Shoals.
 20019 | Lair:2   | Found a transporter.
 20022 | Lair:2   | Noticed Suethroe's ghost (journeyman KoBe)
 20055 | Lair:2   | Found a transporter.
 20088 | Lair:2   | Killed Suethroe's ghost
 20103 | Lair:2   | Reached skill level 16 in Shields
 20612 | Lair:2   | Found a dark tunnel.
 20618 | Volcano  | Entered a volcano
 20874 | Lair:2   | Identified 2 scrolls of acquirement
 20883 | Lair:2   | Got the amulet of Hudwuc {Faith Str+2}
 21384 | Lair:3   | You fall into a shaft and drop 1 floor!
 21552 | Lair:4   | Noticed Urug
 21563 | Lair:4   | Killed Urug
 21619 | Lair:4   | Found a runed translucent gate.
 21619 | Lair:4   | Found a runed translucent gate.
 21619 | Lair:4   | Found a runed translucent gate.
 21621 | Lair:4   | Noticed Anness's ghost (journeyman DsFE)
 21664 | Lair:4   | Killed Anness's ghost
 21826 | Lair:4   | Reached skill level 5 in Dodging
 22344 | Lair:4   | Found a staircase to the Snake Pit.
 22347 | Lair:4   | Noticed Snorg
 22358 | Lair:4   | Killed Snorg
 22529 | Lair:4   | Received a gift from Okawaru
 22532 | Lair:4   | Got an iridescent great mace {god gift}
 22533 | Lair:4   | Identified the +3 great mace of Uteicy {vorpal, Dex+3
                  | Stlth+} (Okawaru gifted it to you on level 4 of the Lair of
                  | Beasts)
 22758 | Lair:5   | Got a pair of dazzling boots
 23464 | Lair:5   | Found a viscous altar of Jiyva.
 23465 | Lair:5   | Found a staircase to the Slime Pits.
 23625 | Lair:6   | Entered Level 6 of the Lair of Beasts
 24454 | Lair:6   | Received a gift from Okawaru
 24595 | Lair:6   | Reached skill level 17 in Shields
 25763 | Lair:3   | Reached XP level 16. HP: 140/147 MP: 15/15
 26390 | Orc:1    | Entered Level 1 of the Orcish Mines
 26796 | Orc:1    | Received a gift from Okawaru
 26900 | Orc:1    | Reached skill level 15 in Fighting
 27292 | Orc:2    | Entered Level 2 of the Orcish Mines
 27379 | Orc:2    | Found a staircase to the Elven Halls.
 27579 | Orc:2    | Found Loteh's Gadget Boutique.
 27647 | Orc:2    | Received a gift from Okawaru
 27759 | Orc:2    | Found Zuoddoezos's Assorted Antiques.
 27760 | Orc:2    | Found Exosiv's Antique Weapon Emporium.
 27760 | Orc:2    | Found Jiuch's Armour Boutique.
 27811 | Orc:2    | Reached skill level 18 in Shields
 27827 | Orc:2    | Paralysed by an ogre mage for 6 turns
 27863 | Orc:2    | Bought a scroll of acquirement for 1612 gold pieces
 27863 | Orc:2    | Bought a potion of haste for 310 gold pieces
 28464 | Snake:1  | Entered Level 1 of the Snake Pit
 29515 | Snake:2  | Received a gift from Okawaru
 29516 | Snake:2  | Found the +6 shillelagh "Devastator" {shatter}
 29877 | Snake:2  | Reached XP level 17. HP: 158/158 MP: 16/16
 30187 | Snake:2  | Reached skill level 15 in Armour
 30515 | Snake:2  | Received a gift from Okawaru
 30525 | Snake:2  | Got an ancient mace {god gift}
 30526 | Snake:2  | Identified the +4 mace "Udyc Lit" {flame, rPois MR- Dex+4}
                  | (Okawaru gifted it to you on level 2 of the Snake Pit)
 31446 | Snake:3  | Paralysed by a salamander for 3 turns
 31655 | Snake:3  | Reached skill level 19 in Shields
 31751 | Snake:3  | Received a gift from Okawaru
 31991 | Snake:4  | Entered Level 4 of the Snake Pit
 32064 | Snake:4  | Received a gift from Okawaru
 32071 | Snake:4  | Got a masterwork cloak {god gift}
 32082 | Snake:4  | Identified the +1 cloak of Lucidity {*Drain rC+ MR+}
                  | (Okawaru gifted it to you on level 4 of the Snake Pit)
 32400 | Snake:4  | Found Sasate Nitu's Book Shoppe.
 33428 | Snake:4  | Received a gift from Okawaru
 33431 | Snake:4  | Got a faintly humming chain mail {god gift}
 33443 | Snake:4  | Identified the +1 chain mail of Fabulous Contentment {Harm
                  | rPois rF- Str+2} (Okawaru gifted it to you on level 4 of
                  | the Snake Pit)
 33647 | Snake:4  | Reached XP level 18. HP: 144/168 MP: 17/17
 33935 | Snake:4  | Got a serpentine rune of Zot
 34521 | Shoals:1 | Entered Level 1 of the Shoals
 34773 | Shoals:1 | Reached skill level 20 in Shields
 35046 | Shoals:1 | Noticed Aizul
 35061 | Shoals:1 | Killed Aizul
 35123 | Shoals:1 | Reached skill level 10 in Dodging
 35988 | Shoals:2 | Noticed Polyphemus
 36384 | Shoals:2 | Received a gift from Okawaru
 36956 | Shoals:2 | Reached skill level 1 in Throwing
 36970 | Shoals:2 | Killed Polyphemus
 37444 | Shoals:2 | Received a gift from Okawaru
 37569 | Shoals:3 | Found Cudonn's Food Emporium.
 37819 | Shoals:3 | Bought a ration for 50 gold pieces
 37819 | Shoals:3 | Bought a ration for 50 gold pieces
 37819 | Shoals:3 | Bought a ration for 50 gold pieces
 37819 | Shoals:3 | Bought a ration for 50 gold pieces
 38283 | Shoals:3 | Found Ahoiguahi's Assorted Antiques.
 38288 | Shoals:3 | Found Haesh's Armour Boutique.
 39918 | Shoals:4 | Entered Level 4 of the Shoals
 40088 | Shoals:4 | Reached XP level 19. HP: 74/177 MP: 18/18
 40779 | Shoals:4 | Identified the +3 robe of Hadjma {Int+4}
 40823 | Shoals:4 | Received a gift from Okawaru
 41330 | Shoals:4 | Got a barnacled rune of Zot
 41359 | Shoals:4 | Reached skill level 21 in Shields
 42211 | Shoals:4 | Received a gift from Okawaru
 42229 | Shoals:4 | Found Masaw's General Store.
 42245 | Shoals:4 | Bought a scroll of acquirement for 1092 gold pieces
 42519 | Shoals:4 | Identified Sif Muna's Volume of Spatial Intoxication
 42738 | Elf:1    | Entered Level 1 of the Elven Halls
 43286 | Elf:1    | Cast into level 2 of the Abyss (a deep elf sorcerer)
 43392 | Abyss:3  | Found a corrupted altar of Lugonu.
 43505 | Abyss:3  | Got an iridescent war axe
 43506 | Abyss:3  | Identified the +6 war axe of Pumpuol {flame, MP+9} (You
                  | found it on level 3 of the Abyss)
 43563 | Abyss:3  | Found a stormy altar of Qazlal.
 43651 | Abyss:3  | Found a shimmering blue altar of Sif Muna.
 43697 | Abyss:3  | Received a gift from Okawaru
 43888 | Abyss:3  | Gained mutation: Armour fits poorly on your strangely
                  | shaped body. [a neqoxec]
 43988 | Elf:1    | Escaped the Abyss
 44398 | Elf:1    | Identified the Grimoire of Summoning
 44788 | Elf:2    | Found a huge runed translucent gate.
 44788 | Elf:2    | Found a huge runed translucent gate.
 44788 | Elf:2    | Found a huge runed translucent gate.
 44788 | Elf:2    | Found a huge runed translucent gate.
 44788 | Elf:2    | Found a huge runed translucent gate.
 44878 | Elf:2    | Reached XP level 20. HP: 189/189 MP: 19/19
 44907 | Elf:2    | Received a gift from Okawaru
 44914 | Elf:2    | Got an ancient broad axe {god gift}
 44916 | Elf:2    | Identified the +5 broad axe of Resourcefulness {flame,
                  | Dex+4} (Okawaru gifted it to you on level 2 of the Elven
                  | Halls)
 44949 | Elf:2    | Reached skill level 22 in Shields
 46090 | Vaults:1 | Entered Level 1 of the Vaults
 46367 | Vaults:1 | Received a gift from Okawaru
 47346 | Vaults:2 | Found Darryfem's Weapon Shop.
 47675 | Vaults:2 | Paralysed by a sphinx for 5 turns
 47745 | Vaults:2 | Paralysed by a lich for 5 turns
 48255 | Vaults:2 | Received a gift from Okawaru
 48512 | Vaults:2 | Got a bronze chain mail
 48513 | Vaults:2 | Identified the +1 chain mail of Nedapt {Int+2} (You found
                  | it on level 2 of the Vaults)
 48823 | Vaults:2 | Reached XP level 21. HP: 198/198 MP: 20/20
 49098 | Vaults:2 | Found a staircase to the Crypt.
 49251 | Vaults:2 | Reached skill level 23 in Shields
 50109 | Vaults:3 | Received a gift from Okawaru
 50228 | Vaults:3 | Noticed Donald
 50239 | Vaults:3 | Killed Donald
 50586 | Vaults:3 | Received a gift from Okawaru
 51225 | Vaults:3 | Received a gift from Okawaru
 52281 | Vaults:4 | Received a gift from Okawaru
 53011 | Vaults:4 | Reached XP level 22. HP: 209/209 MP: 21/21
 53189 | Vaults:4 | Received a gift from Okawaru
 53399 | Vaults:4 | Reached skill level 24 in Shields
 54333 | Vaults:4 | Noticed Margery
 54345 | Vaults:4 | Killed Margery
 54451 | Vaults:4 | Noticed Frederick
 54470 | Vaults:4 | Killed Frederick
 54751 | Vaults:5 | Entered Level 5 of the Vaults
 54751 | Vaults:5 | Noticed a golden dragon
 54751 | Vaults:5 | Noticed Boris
 54831 | Vaults:4 | Received a gift from Okawaru
 54904 | Vaults:4 | Killed Boris
 55603 | Vaults:5 | Noticed a golden dragon
 55734 | Vaults:5 | Received a gift from Okawaru
 55809 | Vaults:5 | Killed a golden dragon
 55829 | Vaults:5 | Reached XP level 23. HP: 72/220 MP: 22/22
 55942 | Vaults:5 | Reached skill level 25 in Shields
 56084 | Vaults:5 | Received a gift from Okawaru
 56190 | Vaults:5 | Identified the +8 great mace of Fimoteb {freeze, rF+
                  | Stlth+}
 56199 | Vaults:5 | Identified the +9 morningstar "Nued" {venom, Fragile rElec
                  | MR+ Int+8}
 56211 | Vaults:5 | Hit by a large rock thrown by a stone giant

Illustrated notes

Levels and vault maps discovered:
D:1:      eino_arrival_water_cross, layout_loops_ring
D:2:      layout_rooms, lemuel_crystal_altar, st_stairs_13, dk_xom_monty_hall
D:3:      layout_basic, first_ration, chequers_ecumenical_altar_island,
          nicolae_gozag_seed_capital
D:4:      layout_loops_ring, serial_park_tiny_2
D:5:      layout_basic, lemuel_blue_sif_altar, hangedman_decor_push
D:6:      layout_basic, grunt_temple_overflow_diamond,
          chequers_temple_overflow_statue_of_worship, temple_green, uniq_edmund,
          uniq_sigmund
D:7:      layout_basic, lemuel_coloured_pillars_altar, enter_bailey_2,
          the_bakery
D:8:      layout_basic, kennysheep_mini_moat
D:9:      layout_loops_cross, kennysheep_small_square
D:10:     layout_roguey, gammafunk_ghost_split, lemuel_centaur_altar
D:11:     layout_gridville, dpeg_oklobed_lair, minmay_orc_entry_temple_small,
          serial_shops, nicolae_shop_temple_entry_statues_fountains, uniq_erica
D:12:     layout_rooms, portal_ice_cave_entry_pillars_2, minmay_hidden_floor,
          uniq_azrael
D:13:     layout_loops_ring, ximxim_vaults_locker_room, special_room
          [special_room_orc]
D:14:     layout_layer_cave, minmay_splitting_lines, kennysheep_cross_room,
          kennysheep_just_a_vault
D:15:     grunt_enter_depths_snipers, layout_rooms, serial_park_tiny_pond,
          enter_trove_0, minmay_starry_boxes, uniq_agnes
Temple:   dshaligram_water_room_temple
Lair:1:   layout_gridlike, lemuel_fruit_tree
Lair:2:   layout_loops_ring, minmay_shoals_entry_beasts, enter_volcano_2,
          gammafunk_ghost_berserking_beasts, lemuel_fruit_fields
Lair:3:   layout_regular_city, grunt_megastairs_2
Lair:4:   layout_hall_layers, minmay_snake_entry_guardpost_small,
          gammafunk_ghost_split, grunt_forest_large_clearing_hut, uniq_snorg,
          uniq_urug
Lair:5:   layout_regular_city, slime_altar_1, infiniplex_staircase_pool,
          minmay_lair_oklob_chamber
Lair:6:   minmay_lair_end_enchanted_forest, layout_layer_cave
Shoals:1: layout_shoals, nicolae_shoals_flooded_hall, uniq_aizul
Shoals:2: layout_shoals, nicolae_shoals_so_close, uniq_polyphemus
Shoals:3: layout_shoals, serial_shops, shop, nicolae_shop_overgrown_old_shop,
          nicolae_shop_trees, nicolae_shoals_water_shrine
Shoals:4: shoals_end_grunt_ice, layout_shoals, shoal_ilsuiw, serial_shops, shop
Snake:1:  layout_onion_interference, nicolae_snake_double_loop
Snake:2:  layout_honeycomb, st_stairs_14
Snake:3:  layout_concentric_octagons
Snake:4:  minmay_snake_end_coiled, layout_basic, serial_shops,
          nicolae_shop_statue_plus
Orc:1:    lemuel_ogre_cave, layout_caves, mines5_lemuel
Orc:2:    st_orc_ogre_mass, layout_caves, guppyfry_library_mini
Elf:1:    minmay_elf_arrival_circle, layout_gridlike, minmay_elf_demonology
Elf:2:    layout_loops_ring, portal_desolation_entry_ruin
Vaults:1: nicolae_vaults_c_with_doors, vaults_room_hallway, v_alt_pattern_4,
          hangedman_vaults_corner_blocks, vaults_mumra_hexcomb,
          vaults_room_pools, layout_vaults_big_room, serial_shops, shop_statue
Vaults:2: nicolae_vaults_triangles, minmay_crypt_entry_vampire_xt,
          nicolae_vaults_diagonal_hallway_9, dpeg_vaults_waves,
          nicolae_vaults_inception_corners, nicolae_vaults_ring_of_whatevers,
          grunt_vaults_twisty, nicolae_vaults_little_squares_6,
          ontoclasm_vaults_eye, nicolae_vaults_rhombus_5,
          nicolae_vaults_ninety_degrees, hangedman_vaults_capsules,
          layout_vaults_maze, serial_shops, shop
Vaults:3: grunt_vaults_trifunnel, vaults_room_stairs_pillars, v_misc_9,
          ontoclasm_vaults_hangar, v_misc_5, ontoclasm_vaults_loading_screen,
          nicolae_vaults_shelves_hall, v_rooms_6, hangedman_vaults_unwind,
          ontoclasm_vaults_claustrophobia, vaults_standard_mumra_x,
          vaults_dpeg_diagonal, layout_vaults_omnicross, uniq_donald
Vaults:4: v_misc_4, v_misc_12, v_misc_26, v_rooms_6, v_misc_5, v_rooms_3,
          vaults_room_semicircle, vaults_room_fancy_cross,
          nicolae_vaults_hallways_thing, vaults_room_ringed_pool,
          nicolae_vaults_rhombus_6, sword_in_stone, nicolae_vaults_rhombus_5,
          layout_vaults_omnibox, uniq_margery
Vaults:5: serial_shops, uniq_sojobo, uniq_boris

Skill      XL: |  1  2  3  4  5  6  7  8  9 10 11 12 13 14 15 16 17 18 19 20 21 22 23 |
---------------+----------------------------------------------------------------------+-----
Maces & Flails | 3 4 5 6 8 10 12 14 16 17 18 19 20 21 22 | 22.0
Armour         | 5 6 7 8 10 11 12 13 14 15 16 17 18 19 | 19.3
Shields        | 4 5 7 10 12 13 14 15 17 18 19 20 21 22 23 24 25 | 25.1
Fighting       | 4 5 6 7 8 10 11 12 13 14 15 16 17 18 19 20 21 | 21.2
Axes           | 1 3 4 8 10 11 | 11.2
Dodging        | 1 3 4 6 8 9 10 11 12 13 14 | 14.6
Evocations     | 1 |  1.0
Throwing       | 2 3 |  3.2
Stealth        | |  0.7

Action                   |  1- 3 |  4- 6 |  7- 9 | 10-12 | 13-15 | 16-18 | 19-21 | 22-24 || total
-------------------------+-------+-------+-------+-------+-------+-------+-------+-------++-------
Melee: Flail             |    59 |   100 |   184 |       |       |       |       |       ||   343
       Headbutt          |     3 |    15 |    38 |   152 |   370 |   576 |   634 |   266 ||  2054
       Hand axe          |       |    56 |       |       |       |       |       |       ||    56
       Broad axe         |       |       |    38 |   455 |       |       |       |       ||   493
       Morningstar       |       |       |       |   233 |  1424 |  1896 |  1907 |   668 ||  6128
       Eveningstar       |       |       |       |   102 |       |       |       |       ||   102
Throw: Boomerang         |       |       |       |       |       |   166 |    16 |       ||   182
Invok: Heroism           |       |       |       |     1 |       |       |     1 |     1 ||     3
Evoke: Wand              |       |       |    15 |       |       |     8 |       |     1 ||    24
  Use: Scroll            |       |     3 |     7 |     9 |    18 |    16 |    21 |     1 ||    75
       Potion            |       |       |       |     7 |     7 |     7 |    13 |     7 ||    41
 Stab: Petrified         |       |       |       |       |       |     1 |       |       ||     1
       Invisible         |       |       |       |       |       |       |     1 |       ||     1
  Eat: Chunk             |       |     7 |     1 |    15 |    15 |    18 |    13 |     4 ||    73
       Ration            |       |       |     3 |     3 |     9 |     9 |     8 |     3 ||    35
Armor: Scale mail        |    18 |       |       |       |       |       |       |       ||    18
       Chain mail        |     4 |    87 |    90 |       |       |       |       |       ||   181
       Crystal plate arm |       |       |    20 |   390 |   707 |   723 |   429 |   196 ||  2465
       Skin              |       |       |       |       |     4 |       |       |       ||     4
Dodge: Dodged            |    13 |    46 |    25 |    58 |   245 |   588 |   543 |   299 ||  1817
Block: Kite shield       |    39 |    82 |    16 |       |       |       |       |       ||   137
       Tower shield      |       |       |   244 |  1011 |  1905 |  2901 |  2581 |  1088 ||  9730
       Reflection        |       |       |       |    41 |    62 |       |       |       ||   103
       Other             |       |       |       |       |     1 |       |       |       ||     1

Table legend:
 A = Non-vault XP
 B = Vault XP
 C = Vault XP percentage of total XP
 D = Non-vault monster count
 E = Vault monster count
 F = Vault count percentage of total count
                 A         B        C        D         E       F
            +---------+---------+-------+---------+---------+-------
      Total |  495288 |  372154 |  42.9 |    1274 |     648 |  33.7
            +---------+---------+-------+---------+---------+-------
        D:1 |      32 |       0 |   0.0 |      17 |       0 |   0.0
        D:2 |      49 |     201 |  80.4 |      23 |       4 |  14.8
        D:3 |     228 |       0 |   0.0 |      26 |       0 |   0.0
        D:4 |      97 |       0 |   0.0 |       7 |       0 |   0.0
        D:5 |     575 |       0 |   0.0 |      13 |       0 |   0.0
        D:6 |     993 |     399 |  28.7 |      28 |       2 |   6.7
        D:7 |     714 |     224 |  23.9 |      22 |       1 |   4.3
        D:8 |    2076 |       0 |   0.0 |      24 |       0 |   0.0
        D:9 |    2973 |       0 |   0.0 |      42 |       0 |   0.0
       D:10 |    3576 |     453 |  11.2 |      31 |       4 |  11.4
       D:11 |    5010 |    3895 |  43.7 |      40 |      16 |  28.6
       D:12 |    6820 |    6366 |  48.3 |      47 |      12 |  20.3
       D:13 |   12024 |    4507 |  27.3 |      40 |      31 |  43.7
       D:14 |   18868 |    1044 |   5.2 |      50 |       1 |   2.0
       D:15 |   10961 |    7104 |  39.3 |      26 |      11 |  29.7
     Lair:1 |    1567 |       0 |   0.0 |       8 |       0 |   0.0
     Lair:2 |    3544 |    4020 |  53.1 |      12 |      10 |  45.5
     Lair:3 |    4676 |    5511 |  54.1 |      14 |      10 |  41.7
     Lair:4 |    8597 |    6298 |  42.3 |      33 |      11 |  25.0
     Lair:5 |    4718 |    2186 |  31.7 |      20 |       6 |  23.1
     Lair:6 |    7222 |    9073 |  55.7 |      23 |      48 |  67.6
   Shoals:1 |   12839 |    5860 |  31.3 |      21 |      11 |  34.4
   Shoals:2 |   18612 |    6934 |  27.1 |      38 |       7 |  15.6
   Shoals:3 |   23456 |    3945 |  14.4 |      41 |       8 |  16.3
   Shoals:4 |   13633 |   26094 |  65.7 |      30 |      38 |  55.9
    Snake:1 |   11778 |       0 |   0.0 |      27 |       0 |   0.0
    Snake:2 |   24639 |     814 |   3.2 |      46 |       1 |   2.1
    Snake:3 |   18047 |       0 |   0.0 |      31 |       0 |   0.0
    Snake:4 |   28131 |   22352 |  44.3 |      50 |      46 |  47.9
      Orc:1 |    1695 |    9262 |  84.5 |      33 |      32 |  49.2
      Orc:2 |    1753 |   19829 |  91.9 |      22 |      50 |  69.4
      Elf:1 |   25471 |    6887 |  21.3 |      39 |      11 |  22.0
      Elf:2 |       0 |   24230 | 100.0 |       0 |      33 | 100.0
   Vaults:1 |   18896 |   11587 |  38.0 |      32 |      14 |  30.4
   Vaults:2 |   38502 |   35804 |  48.2 |      61 |      46 |  43.0
   Vaults:3 |   54439 |   10974 |  16.8 |      74 |      21 |  22.1
   Vaults:4 |   66072 |   80312 |  54.9 |     102 |      80 |  44.0
   Vaults:5 |   12360 |   45609 |  78.7 |      15 |      27 |  64.3
    Abyss:1 |    3025 |       0 |   0.0 |       9 |       0 |   0.0
    Abyss:2 |    2520 |       0 |   0.0 |       7 |       0 |   0.0
    Abyss:3 |   24100 |       0 |   0.0 |      50 |       0 |   0.0
     Bailey |       0 |    1978 | 100.0 |       0 |      15 | 100.0
      IceCv |       0 |    6974 | 100.0 |       0 |      37 | 100.0
    Volcano |       0 |    1428 | 100.0 |       0 |       4 | 100.0
            +---------+---------+-------+---------+---------+-------
